 Dungeon Crawl Stone Soup version 0.19.5 (webtiles) character file.

8885 Jerry the Severer (level 11, -4/90 HPs)
             Began as a Hill Orc Fighter on Mar 25, 2017.
             Was an Elder of Okawaru.
             Slain by a manticore (20 damage)
             ... on level 11 of the Dungeon.
             The game lasted 00:42:19 (12143 turns).

Jerry the Severer (Hill Orc Fighter)               Turns: 12143, Time: 00:42:19

Health: -4/90      AC: 15    Str: 22    XL:     11   Next: 37%
Magic:  23/24      EV: 14    Int:  8    God:    Okawaru [****..]
Gold:   424        SH:  4    Dex: 11    Spells: 1 memorised, 9 levels left

rFire  . . .     SeeInvis .     a - +1 war axe
rCold  . . .     Gourm    .     Q - +3 leather armour "Xavvub" {+Inv rF- rN++ MP+9}
rNeg   + + +     Faith    .     (no shield)
rPois  .         Spirit   .     E - +0 helmet
rElec  .         Reflect  +     d - +1 cloak
rCorr  .         Harm     .     b - +0 pair of gloves (curse)
MR     +....                    m - +0 pair of boots
Stlth  +.........               l - +4 amulet of reflection
                                y - -2 ring of dexterity (curse)
                                J - ring "Oseing" {rF+ rN+ MR+ Stlth-}

@: heroism, barbed spikes
A: agile 1, frail 1
a: Heroism, Renounce Religion, Evoke Invisibility


You were on level 11 of the Dungeon.
You worshipped Okawaru.
Okawaru was greatly pleased with you.
You were hungry.

You visited 2 branches of the dungeon, and saw 12 of its levels.

You collected 550 gold pieces.
You spent 126 gold pieces at shops.

Inventory:

Hand Weapons
 a - a +1 war axe (weapon)
 p - the +4 mace of Collusion {elec, rN+ MR+}
   (You found it on level 6 of the Dungeon)

   Occasionally, upon striking a foe, it will discharge some electrical energy
   and cause terrible harm.
   It protects you from negative energy.
   It affects your resistance to hostile enchantments.
Armour
 b - a cursed +0 pair of gloves (worn)
 c - a +0 shield
 d - a +1 cloak (worn)
 m - a +0 pair of boots (worn)
 E - a +0 helmet (worn)
 Q - the +3 leather armour "Xavvub" (worn) {+Inv rF- rN++ MP+9}
   (You found it on level 7 of the Dungeon)

   It makes you vulnerable to fire.
   It greatly protects you from negative energy.
   It affects your magic capacity (+9).
   It lets you turn invisible.
Jewellery
 l - a +4 amulet of reflection (around neck)
 y - a cursed -2 ring of dexterity (right hand)
 D - an uncursed ring of protection from magic
 J - the ring "Oseing" (left hand) {rF+ rN+ MR+ Stlth-}
   (You found it on level 6 of the Dungeon)

   [ring of protection from fire]

   It protects you from fire.
   It protects you from negative energy.
   It affects your resistance to hostile enchantments.
   It makes you less stealthy.
 K - an uncursed ring of protection from magic
Wands
 e - a wand of disintegration (13/24)
 s - a wand of flame (21/48)
 w - a wand of disintegration (8/24)
 C - a wand of polymorph (4/24)
 I - a wand of paralysis (15/24)
 M - a wand of lightning (3/15)
 R - a wand of acid (8/15)
 S - a wand of acid (4/15)
 T - a wand of iceblast (8/15)
Scrolls
 i - 7 scrolls of teleportation
 t - 2 scrolls of identify
 G - a scroll of immolation
 L - 3 scrolls of enchant weapon
 N - a scroll of recharging
 W - a scroll of enchant armour
Potions
 g - 4 potions of flight
 h - 2 potions of magic {unknown}
 j - a potion of agility
 n - 2 potions of brilliance
 o - 2 potions of heal wounds
 r - a potion of invisibility
 v - a potion of cancellation
 z - a potion of cure mutation {unknown}
 A - 2 potions of mutation {unknown}
 B - 7 potions of curing
 H - a potion of might
 O - a potion of haste {unknown}
 P - 2 potions of lignification {unknown}
 X - a potion of berserk rage
Books
 U - a book of Flames

   Spells                             Type                      Level
   a - Flame Tongue                   Conjuration/Fire             1
   b - Throw Flame                    Conjuration/Fire             2
   c - Conjure Flame                  Conjuration/Fire             3
   d - Inner Flame                    Hexes/Fire                   3
   e - Sticky Flame                   Conjuration/Fire             4
   f - Fireball                       Conjuration/Fire             5
 V - a book of Party Tricks

   Spells                             Type                      Level
   a - Summon Butterflies             Summoning                    1
   b - Apportation                    Translocation                1
   c - Lesser Beckoning               Translocation                3
   d - Tukima's Dance                 Hexes                        3
   e - Alistair's Intoxication        Transmutation/Poison         5
   f - Invisibility                   Hexes                        6
Comestibles
 f - 7 bread rations
 k - 2 beef jerkies
 q - 2 slices of pizza
 u - 12 fruits
 x - a royal jelly
 F - 5 meat rations


   Skills:
 + Level 10.5(15.5) Fighting
 * Level 15.0(20.0) Axes
 + Level 9.8(14.8) Armour
 - Level 3.2(8.2) Shields
 - Level 5.5 Invocations


You had 9 spell levels left.
You knew the following spells:

 Your Spells              Type           Power        Failure   Level  Hunger
a - Apportation           Tloc           #.........   50%         1    ##.....


Dungeon Overview and Level Annotations

Branches:
Dungeon (11/15)            Temple (1/1) D:6
   Lair: D:8-11         Orc: D:9-12

Altars:
Ashenzari
Cheibriados
Dithmenos
Elyvilon
Fedhas
Gozag
Hepliaklqana
Kikubaaqudgha
Makhleb
Nemelex Xobeh
Okawaru
Qazlal
Ru
Sif Muna
Trog
Uskayaw
Vehumet
Xom
Yredelemnul
Zin
The Shining One

Shops:
D:5 :   D:10 !


Innate Abilities, Weirdness & Mutations

You are agile. (Dex +2)
You are frail. (-10% HP)


Message History

The barbed spikes dig painfully into your body as you move.
The barbed spikes dig painfully into your body as you move.
You hear the brisk ticking of a clock.
You block the manticore's attack. The manticore barely misses you.
You block the manticore's attack.
You barely miss the manticore. The manticore bites you!
The manticore claws you! The manticore claws you.
You hit the manticore but do no damage. The manticore bites you!
The manticore misses you. The manticore claws you.
You hit the manticore.
The manticore is lightly wounded.
You slash the manticore!
The manticore is heavily wounded.
The manticore bites you!
* * * LOW HITPOINT WARNING * * *
The manticore claws you but does no damage. x2
You slash the manticore!
The manticore is severely wounded.
The manticore bites you!!
You die...

#......# #+#
#.....##
#.....#
#.....#
#.....#
#.....#
#.....#
#.....#+#####
#....@H......
#.####....#..
#. ....# #.
....# #.
....# #.
....# #.
..... ......


You could see a manticore.

Vanquished Creatures
  Erica (D:10)
  A hill giant (D:10)
  The ghost of Rogan the Jinx, a novice SpEn of Dithmenos (D:9)
  A hornet (D:10)
  2 trolls
  Grinder (D:5)
  A merfolk (D:9)
  A meliai zombie (D:9)
  10 yaks
  Sigmund (D:3)
  A hungry ghost (D:10)
  Edmund (D:6)
  2 black bears
  A necrophage (D:9)
  4 ice beasts
  3 phantoms
  5 sky beasts
  7 ogres
  4 centaurs
  A crocodile (D:9)
  A big kobold (D:9)
  5 bullfrogs
  A gnoll sergeant (D:5)
  A scorpion (D:6)
  A water moccasin skeleton (D:9)
  A howler monkey (D:4)
  10 crimson imps
  A centaur zombie (D:3)
  2 centaur skeletons
  6 hounds
  2 jellies
  3 bullfrog skeletons
  4 iguanas
  8 worker ants
  A hound zombie (D:5)
  A howler monkey skeleton (D:5)
  18 gnolls
  A river rat (D:11)
  11 adders
  4 shadow imps
  A white imp (D:6)
  3 adder skeletons
  An adder zombie (D:7)
  A worm (D:6)
  A dart slug (D:2)
  6 leopard geckos
  5 orcs
  2 ball pythons
  5 bats
  10 giant cockroaches
  8 goblins
  9 hobgoblins
  10 jackals
  9 kobolds
  5 quokkas
  5 frilled lizards
  A quokka skeleton (D:8)
  A quokka zombie (D:5)
  8 rats
222 creatures vanquished.

Vanquished Creatures (others)
  5 fungi (D:11)
  6 plants (D:11)
11 creatures vanquished.

Grand Total: 233 creatures vanquished

Notes
Turn   | Place    | Note
-------+----------+-------------------------------------------
     0 | D:1      | Jerry the Hill Orc Fighter began the quest for the Orb.
     0 | D:1      | Reached XP level 1. HP: 19/19 MP: 1/1
    29 | D:1      | Reached skill level 3 in Axes
   249 | D:1      | Reached XP level 2. HP: 26/26 MP: 2/2
   839 | D:2      | Reached XP level 3. HP: 33/33 MP: 3/3
   928 | D:2      | Reached skill level 4 in Axes
  1168 | D:2      | Reached XP level 4. HP: 40/40 MP: 4/4
  1612 | D:3      | Noticed Sigmund
  1667 | D:3      | Killed Sigmund
  1667 | D:3      | Reached skill level 6 in Axes
  1667 | D:3      | Reached XP level 5. HP: 34/47 MP: 5/5
  1667 | D:3      | Reached XP level 6. HP: 39/55 MP: 6/6
  1977 | D:3      | Reached skill level 5 in Fighting
  2262 | D:3      | Reached skill level 5 in Armour
  2409 | D:3      | Noticed a black bear
  2419 | D:3      | Killed a black bear
  2419 | D:3      | Reached XP level 7. HP: 34/61 MP: 7/7
  2939 | D:4      | Reached skill level 7 in Axes
  3203 | D:4      | Found a shadowy altar of Dithmenos.
  3418 | D:4      | Found a shimmering altar of Xom.
  3475 | D:4      | Reached skill level 8 in Axes
  3662 | D:4      | Reached XP level 8. HP: 41/70 MP: 8/8
  4186 | D:5      | Entered Level 5 of the Dungeon
  4207 | D:5      | Reached skill level 9 in Axes
  4542 | D:5      | Found a white marble altar of Elyvilon.
  4608 | D:5      | Noticed Grinder
  4611 | D:5      | Found Ahoom's Book Shoppe.
  4631 | D:5      | Killed Grinder
  4631 | D:5      | Reached skill level 10 in Axes
  5245 | D:5      | Reached XP level 9. HP: 50/79 MP: 9/9
  5938 | D:6      | Got an ivory mace
  5946 | D:6      | Noticed Edmund
  5975 | D:6      | Killed Edmund
  5975 | D:6      | Reached skill level 11 in Axes
  5985 | D:6      | Found a staircase to the Ecumenical Temple.
  6153 | Temple   | Entered the Ecumenical Temple
  6252 | Temple   | Became a worshipper of Warmaster Okawaru
  6399 | D:5      | Reached skill level 1 in Invocations
  6826 | D:6      | Got a smoking lapis lazuli ring
  7000 | D:6      | Found a basalt altar of Yredelemnul.
  7000 | D:6      | Found an opulent altar of Gozag.
  7097 | D:6      | Identified the ring "Oseing" {rF+ rN+ MR+ Stlth-} (You found it on level 6 of the Dungeon)
  7100 | D:6      | Identified the +4 mace of Collusion {elec, rN+ MR+} (You found it on level 6 of the Dungeon)
  7890 | D:7      | Reached * piety under Okawaru
  7890 | D:7      | Reached skill level 12 in Axes
  7908 | D:7      | Reached XP level 10. HP: 51/90 MP: 12/12
  8083 | D:7      | Got a translucent leather armour
  8084 | D:7      | Identified the +3 leather armour "Xavvub" {+Inv rF- rN++ MP+9} (You found it on level 7 of the Dungeon)
  8403 | D:8      | Reached ** piety under Okawaru
  8952 | D:9      | Got a shimmering scale mail
  8966 | D:8      | Identified the cursed +0 scale mail of Qazlal's Hatred {Dex+6} (You found it on level 9 of the Dungeon)
  9397 | D:8      | Reached skill level 13 in Axes
  9759 | D:8      | Reached skill level 5 in Invocations
 10010 | D:9      | Reached *** piety under Okawaru
 10190 | D:9      | Found a sacrificial altar of Ru.
 10196 | D:9      | Noticed Rogan's ghost (novice SpEn)
 10204 | D:9      | Killed Rogan's ghost
 10204 | D:9      | Reached skill level 14 in Axes
 10403 | D:9      | Reached skill level 10 in Fighting
 10403 | D:9      | Reached XP level 11. HP: 93/99 MP: 15/15
 10490 | D:9      | Reached **** piety under Okawaru
 10621 | D:9      | Learned a level 1 spell: Apportation
 10651 | D:10     | Entered Level 10 of the Dungeon
 10651 | D:10     | Noticed Erica
 10683 | D:10     | Killed Erica
 11048 | D:10     | Noticed a hill giant
 11056 | D:10     | Killed a hill giant
 11297 | D:10     | Found Qithrot's Distillery.
 11300 | D:10     | Bought a potion of curing for 42 gold pieces
 11300 | D:10     | Bought a potion of degeneration for 14 gold pieces
 11300 | D:10     | Bought a potion of berserk rage for 70 gold pieces
 11847 | D:10     | Reached skill level 15 in Axes
 11992 | D:11     | Noticed a four-headed hydra
 12112 | D:11     | Gained mutation: You are agile. (Dex +2) [mutagenic meat]
 12113 | D:11     | Gained mutation: You are frail. (-10% HP) [mutagenic meat]
 12132 | D:11     | Noticed a manticore
 12143 | D:11     | Slain by a manticore

Skill      XL: |  1  2  3  4  5  6  7  8  9 10 11 |
---------------+----------------------------------+-----
Axes           | 3 4 6 8 10 12 14 15 | 15.0
Fighting       | 4 5 6 7 8 10 | 10.5
Armour         | 4 5 6 7 8 9 |  9.8
Invocations    | 3 5 |  5.5
Shields        | |  3.2

Action                   |  1- 3 |  4- 6 |  7- 9 | 10-12 || total
-------------------------+-------+-------+-------+-------++-------
Melee: War axe           |    78 |   116 |   315 |   384 ||   893
       Unarmed           |       |       |     2 |       ||     2
       Flail             |       |       |   181 |       ||   181
       Punch             |       |       |       |     4 ||     4
Invok: Heroism           |       |       |       |     9 ||     9
Evoke: Wand              |       |       |     5 |       ||     5
  Use: Potion            |       |     1 |     1 |     1 ||     3
       Scroll            |       |       |    16 |     6 ||    22
  Eat: Chunk             |     1 |     4 |    17 |    16 ||    38
       Fruit             |       |       |       |     1 ||     1
Armor: Scale mail        |    45 |    53 |   227 |       ||   325
       Leather armour    |       |       |       |   136 ||   136
Dodge: Dodged            |    37 |    61 |   198 |   184 ||   480
Block: Other             |     8 |    21 |    75 |    61 ||   165
       Reflection        |     1 |       |       |     2 ||     3
